 Dungeon Crawl Stone Soup version 0.30.0-5-g1a98f26d00 (webtiles) character file.

Game seed: 7155181321774874956

246 testman the Gusty (level 5, 0/35 HPs)
             Began as a Demonspawn Venom Mage on May 8, 2023.
             Slain by an orc wizard
             ... wielding a +0 dagger
              (1 damage)
             ... on level 3 of the Dungeon.
             The game lasted 00:10:24 (1569 turns).

testman the Gusty (Demonspawn Venom Mage)           Turns: 1569, Time: 00:10:24

Health: 0/35       AC:  5    Str:  8    XL:     5   Next: 84%
Magic:  0/8        EV: 15    Int: 18    God:
Gold:   95         SH:  0    Dex: 14    Spells: 2/8 levels left

rFire   . . .        c - +0 short sword
rCold   . . .        (no shield)
rNeg    . . .        a - +0 robe
rPois   .            i - +0 helmet
rElec   .            g - +0 cloak
rCorr   .            k - +0 pair of gloves
SInv    .            (no boots)
Will    .....        (no amulet)
Stlth   ++           (no ring)
HPRegen 0.25/turn    (no ring)
MPRegen 0.11/turn

%: no passive effects
@: mighty, brilliant, attractive, flying
A: hooves 1, repulsion field 2
a: no special abilities


You were on level 3 of the Dungeon.
You visited 1 branch of the dungeon, and saw 3 of its levels.

You collected 95 gold pieces.

Inventory:

Hand Weapons
 c - a +0 short sword (weapon)
 f - a +0 spear
Missiles
 h - 8 boomerangs
Armour
 a - a +0 robe (worn)
 g - a +0 cloak (worn)
 i - a +0 helmet (worn)
 k - a +0 pair of gloves (worn)
Scrolls
 e - 2 scrolls of teleportation {unknown}
 m - a scroll of identify {unknown}
 n - a scroll of enchant weapon {unknown}
 o - a scroll of vulnerability {unknown}
Potions
 d - a potion of attraction


   Skills:
 - Level 1.7 Dodging
 - Level 1.7 Stealth
 - Level 2.0 Spellcasting
 - Level 3.0 Conjurations
 - Level 1.0 Transmutations
 + Level 4.2 Air Magic
 - Level 3.0 Poison Magic
 - Level 0.4 Invocations


You had 2 spell levels left.
You knew the following spells:

 Your Spells              Type           Power      Damage    Failure   Level
a - Sting                 Tmut/Pois      52%        1d5       8%          1
b - Poisonous Vapours     Pois/Air       44%        N/A       6%          2
c - Mephitic Cloud        Conj/Pois/Air  21%        N/A       14%         3

Your spell library contained the following spells:

 Spells                   Type           Power      Damage    Failure   Level
 Olgreb's Toxic Radiance  Pois           18%        N/A       45%         4


Dungeon Overview and Level Annotations

Branches:
Dungeon (3/15)

Altars:

Shops:
D:2 [


Innate Abilities, Weirdness & Mutations

You have large cloven feet.
You are surrounded by a moderate repulsion field. (EV +3)


Message History

Press: ? - help, Q - select action, (/) - cycle Shift-Dir - straight line The sting misses the rat.
Something hits you but does no damage.
The rat bites the bush but does no damage.
Unknown command.
Aiming: Sting (safe; 8% risk of failure)
Press: ? - help, Q - select action, (/) - cycle Shift-Dir - straight line The sting hits the rat.
The rat is poisoned.
You kill the rat!
Something hits you.
Unknown command.
You hit something. You kick something. Something barely misses you.
You hit something. Your kick misses something. Something hits you.
* * * LOW HITPOINT WARNING * * *
You miss something. Your kick misses something.
Something hits you but does no damage.
You hit something.
You hear some strange, mumbled words.
A magic dart appears from out of thin air!
The magic dart hits you.
* * * LOW HITPOINT WARNING * * *
It was a potion of attraction.
You feel attractive to monsters. Something hits you but does no damage.
It was a potion of flight.
You feel very buoyant.
You fly up into the air.
Something completely misses you.
It was a potion of might.
You feel very mighty all of a sudden. Something hits you.
* * * LOW HITPOINT WARNING * * *
It was a potion of brilliance.
You feel clever all of a sudden. Something hits you.
* * * LOW HITPOINT WARNING * * *
Aiming: Sting (safe; 8% risk of failure)
Press: ? - help, Q - select action, (/) - cycle Shift-Dir - straight line You feel a surge of power!
Something hits you.
You die...

.# ..
♣♣♣♣####.#.#.
#...).)...<..
####.)##.#.#.
#.{P.=[)...
##.@♣....#.#
#P.♣♣♣♣.P#
##..P♣ P.# #.#
#..P♣P ..# #.#
#...♣♣♣♣P## #.#
#....P......
#.#
##...###....
#.####.......#
#.##....####..♣


There were no monsters in sight!

Vanquished Creatures
  An ogre (D:2)
  An orc priest (D:3)
  An orc wizard (D:3)
  2 adders (D:2)
  4 gnolls (D:2)
  2 orcs (D:3)
  5 endoplasms
  3 giant cockroaches
  7 goblins
  6 hobgoblins
  3 jackals
  5 ball pythons
  5 bats
  2 frilled lizards
  2 kobolds
  3 rats
52 creatures vanquished.

Notes
Turn   | Place    | Note
-------+----------+-------------------------------------------
     0 | D:1      | testman the Demonspawn Venom Mage began the quest for the
                  | Orb.
     0 | D:1      | Reached XP level 1. HP: 13/13 MP: 3/3
    23 | D:1      | Reached skill level 1 in Transmutations
   106 | D:1      | Reached skill level 1 in Air Magic
   249 | D:1      | Gained mutation: You have large cloven feet. [demonic
                  | ancestry]
   249 | D:1      | Reached XP level 2. HP: 18/19 MP: 3/5
   331 | D:1      | Learned a level 2 spell: Poisonous Vapours
   638 | D:1      | Reached skill level 2 in Air Magic
   888 | D:2      | Reached XP level 3. HP: 23/24 MP: 3/6
   960 | D:2      | Noticed an ogre
   983 | D:2      | Killed an ogre
   984 | D:2      | Reached skill level 3 in Air Magic
   984 | D:2      | Gained mutation: You are surrounded by a mild repulsion
                  | field. (EV +2) [demonic ancestry]
   984 | D:2      | Reached XP level 4. HP: 30/30 MP: 1/7
  1072 | D:2      | Learned a level 3 spell: Mephitic Cloud
  1168 | D:2      | Gained mutation: You are surrounded by a moderate repulsion
                  | field. (EV +3) [demonic ancestry]
  1168 | D:2      | Reached XP level 5. HP: 30/35 MP: 2/8
  1448 | D:2      | Found Pojask's Armour Shop.
  1546 | D:3      | Reached skill level 4 in Air Magic
  1567 | D:3      | HP: 1/35 [something (4)]
  1569 | D:3      | Slain by an orc wizard

Illustrated notes

Levels and vault maps discovered:
D:1:      minmay_arrival_arboretum_large, layout_rooms, minmay_tetromino_l2
D:2:      minmay_spotlight, layout_basic, serial_shops, nicolae_shop_stone
D:3:      layout_loops_ring, okawaru_ov_weapons_minmay, serial_forest,
          infiniplex_forest_clump_medium, infiniplex_forest_lined_corner,
          infiniplex_forest_end_3, infiniplex_forest_straight_2,
          infiniplex_forest_clump_long, infiniplex_forest_straight_1,
          infiniplex_forest_end_2, infiniplex_forest_fountain,
          infiniplex_forest_lined_room_, item_on_display_b

Skill      XL: |  1  2  3  4  5 |
---------------+----------------+-----
Transmutations | 1 |  1.0
Air Magic      | 1 2 3 4 |  4.2
Conjurations   | 2 3 |  3.0
Dodging        | |  1.7
Stealth        | |  1.7
Spellcasting   | |  2.0
Poison Magic   | |  3.0
Invocations    | |  0.4

Action                     |  1- 3 |  4- 6 || total
---------------------------+-------+-------++-------
  Melee: Unarmed           |    12 |       ||    12
         Short sword       |    42 |    61 ||   103
         Kick              |     8 |     9 ||    17
         Punch             |     1 |     1 ||     2
   Cast: Sting             |    33 |    24 ||    57
         Poisonous Vapours |     4 |     3 ||     7
         Mephitic Cloud    |       |     1 ||     1
    Use: Potion            |     1 |     4 ||     5
   Stab: Sleeping          |     2 |     1 ||     3
 Armour: Robe              |    14 |    14 ||    28
  Dodge: Dodged            |    44 |    53 ||    97
